 Dungeon Crawl Stone Soup version 0.19-a0-1019-g9c6a58d (webtiles) character file.

13078 CountDeLaPain the Blocker (level 11, -2/97 HPs)
             Began as a Minotaur Fighter on July 25, 2016.
             Was an Elder of Yredelemnul.
             Killed by divine providence
             ... invoked by a meliai
              (12 damage)
             ... on level 12 of the Dungeon.
             The game lasted 00:46:07 (13597 turns).

CountDeLaPain the Blocker (Minotaur Fighter)       Turns: 13597, Time: 00:46:07

Health: -2/97      AC: 17    Str: 22    XL:     11   Next: 70%
Magic:  12/12      EV: 11    Int:  8    God:    Yredelemnul [****..]
Gold:   652        SH: 13    Dex: 14    Spells: 0 memorised, 10 levels left

rFire  . . .     SeeInvis +     Q - +1 trident "Vietikest" {freeze, rC+ Str+2 Dex+3}
rCold  + + .     Gourm    .     F - +0 chain mail
rNeg   . . .     Faith    .     c - +0 shield
rPois  .         Spirit   .     (helmet restricted)
rElec  .         Dismiss  .     y - +2 cloak
rCorr  .         Reflect  .     O - +0 pair of gloves
SustAt .         Harm     .     (no boots)
MR     .....                    (no amulet)
Stlth  ..........               S - ring of protection from cold
                                k - ring of see invisible

@: lethally poisoned (-2 -> -10), not resistant to hostile enchantments,
extremely unstealthy
A: retaliatory headbutt, horns 2
a: Recall Undead Slaves, Injury Mirror, Animate Dead, Drain Life, Renounce
Religion


You were on level 12 of the Dungeon.
You worshipped Yredelemnul.
Yredelemnul was greatly pleased with you.
You were not hungry.

You visited 1 branch of the dungeon, and saw 12 of its levels.

You collected 652 gold pieces.

Inventory:

Hand Weapons
 a - a +1 war axe
 Q - the +1 trident "Vietikest" (weapon) {freeze, rC+ Str+2 Dex+3}
   (You found it on level 7 of the Dungeon)

   It has been specially enchanted to freeze those struck by it, causing extra
   injury to most foes and up to half again as much damage against particularly
   susceptible opponents.
   It can also slow down cold-blooded creatures.
   It affects your strength (+2).
   It affects your dexterity (+3).
   It protects you from cold.
Armour
 b - a +0 scale mail
 c - a +0 shield (worn)
 h - a +0 cloak
 y - a +2 cloak (worn)
 F - a +0 chain mail (worn)
 O - a +0 pair of gloves (worn)
Jewellery
 k - a ring of see invisible (left hand)
 m - an uncursed amulet of rage {unknown}
 s - an uncursed amulet of dismissal {unknown}
 x - an uncursed ring of fire
 M - an uncursed ring of stealth
 S - a ring of protection from cold (right hand)
 V - a +3 ring of dexterity {unknown}
 W - an uncursed ring of protection from magic
Wands
 z - a wand of slowing (38/48)
 R - a wand of confusion (37/48)
 Y - a wand of digging (16/24)
Scrolls
 e - 2 scrolls of recharging
 g - a scroll of amnesia
 i - 12 scrolls of identify
 n - 4 scrolls of immolation
 u - 2 scrolls of magic mapping
 v - 4 scrolls of remove curse
 w - a scroll of enchant armour {unknown}
 G - a scroll of fear {unknown}
 K - 3 scrolls of teleportation
 X - a scroll of summoning {unknown}
Potions
 d - a potion of might
 j - 3 potions of magic
 l - 3 potions of flight
 o - a potion of mutation {unknown}
 p - a potion of cure mutation {unknown}
 q - 2 potions of lignification
 r - 5 potions of brilliance
 t - a potion of degeneration {unknown}
 A - 2 potions of invisibility
 C - 3 potions of cancellation
 D - a potion of curing
 I - a potion of ambrosia {unknown}
 J - 2 potions of haste
 L - a potion of heal wounds {unknown}
 T - a potion of berserk rage {unknown}
 U - a potion of resistance {unknown}
Books
 Z - a Fen Folio

   Spells                             Type                      Level
   a - Corpse Rot                     Necromancy                   2
   b - Stone Arrow                    Conjuration/Earth            3
   c - Leda's Liquefaction            Hexes/Earth                  4
   d - Summon Forest                  Summoning/Translocation      5
   e - Hydra Form                     Transmutation                6
   f - Summon Hydra                   Summoning                    7
Comestibles
 f - 6 bread rations
 B - a slice of pizza
 E - 8 beef jerkies
 H - 4 meat rations
 P - a royal jelly


   Skills:
 + Level 9.6 Fighting
 + Level 7.4(8.8) Axes
 + Level 7.1(8.6) Polearms
 + Level 11.1 Armour
 + Level 6.7 Dodging
 - Level 2.0 Stealth
 + Level 12.2 Shields
 + Level 3.0 Invocations


You had 10 spell levels left.
You didn't know any spells.

Dungeon Overview and Level Annotations

Branches:
Dungeon (12/15)            Temple (0/1) D:6            Lair (0/6) D:8
    Orc (0/2) D:12

Altars:
Ashenzari
Dithmenos
Elyvilon
Fedhas
Gozag
Kikubaaqudgha
Makhleb
Okawaru
Qazlal
Ru
Sif Muna
Uskayaw
Xom
Yredelemnul
Zin

Shops:
D:4 :   D:10 (


Innate Abilities, Weirdness & Mutations

You reflexively headbutt those who attack you in melee.
You have a pair of horns on your head.


Message History

You headbutt the meliai, but do no damage.
The meliai is severely wounded.
You feel sick. You block the meliai's attack. The meliai closely misses you. x2
You furiously retaliate!
You headbutt the meliai. You block the meliai's attack.
The meliai hits you with a hand axe.
* * * LOW HITPOINT WARNING * * *
The meliai stings you but does no damage.
The meliai mumbles some strange prayers to its god against you.
Something smites you!
* * * LOW HITPOINT WARNING * * *
You puncture the meliai! You freeze the meliai.
You kill the meliai!
Yredelemnul accepts your kill.
Your base Polearms skill increases to level 7!
* * * LOW HITPOINT WARNING * * *
You feel sick.
The meliai mumbles some strange prayers to its god against you.
Something smites you!
You die...
Your body rises from the dead as a mindless zombie. ############ #..........### #..........'.# %..# #..........#.########## ..%####......y...#.##........ y%.##.'......)@..#.##.### yyy'. #.....)....#..'...# yyy# #....)>....######.# yyy

#####)###### .# ##y# #..##
# #### #)y# ##..## #...
)y## ##..# ##.#### ######
##(##########...... ......
#########..#..............


You could see a meliai.

Vanquished Creatures
  The ghost of Lorrdernie the Basher, a novice DsFi of Okawaru (D:11)
  A manticore (D:11)
  Maurice (D:8)
  A komodo dragon (D:12)
  A meliai (D:12)
  5 slime creatures (D:12)
  A troll (D:11)
  Sigmund (D:3)
  2 wyverns
  A basilisk (D:11)
  9 yaks
  3 vampire mosquitoes (D:12)
  2 hippogriffs
  A soldier ant (D:10)
  A water moccasin (D:10)
  2 hell hounds (D:8)
  2 black bears
  3 orc warriors
  2 ice beasts
  4 sky beasts
  An eye of draining (D:10)
  6 ogres
  13 centaurs
  A crocodile (D:11)
  A big kobold (D:8)
  8 giant frogs
  A wyvern skeleton (D:7)
  6 scorpions
  9 killer bees
  8 wights
  2 howler monkeys
  7 crimson imps
  A centaur zombie (D:7)
  4 orc priests
  6 hounds
  4 jellies
  A quasit (D:8)
  A centaur skeleton (D:12)
  A giant frog skeleton (D:7)
  4 giant frog zombies
  7 orc wizards
  2 iguanas
  Natasha (D:3)
  9 worker ants
  5 gnolls
  14 adders
  2 shadow imps
  An adder zombie (D:5)
  3 adder skeletons
  5 worms
  4 dart slugs
  7 giant geckos
  45 orcs
  9 bats
  2 giant cockroaches
  10 goblins
  9 hobgoblins
  8 jackals
  20 kobolds
  7 quokkas
  A ball python (D:5)
  2 giant gecko zombies (D:5)
  2 giant newts
  A quokka skeleton (D:8)
  9 rats
  A spectral orc (D:5)
315 creatures vanquished.

Vanquished Creatures (collateral kills)
  A hill giant (D:11)
  A manticore (D:12)
  A guardian serpent (D:9)
  A queen bee (D:12)
  A wyvern (D:12)
  A yak (D:10)
  A hippogriff (D:12)
  A vampire mosquito (D:12)
  A phantom (D:9)
  3 centaurs
  A giant frog (D:12)
  A scorpion (D:12)
  3 killer bees (D:12)
  An orc wizard (D:9)
  A giant frog skeleton (D:11)
  3 orc priests
  A worker ant (D:10)
  A worker ant zombie (D:10)
  2 gnolls (D:10)
  A giant gecko (D:10)
  14 orcs
  2 plants (D:9)
43 creatures vanquished.

Vanquished Creatures (others)
  A manticore zombie (D:12)
  A vampire mosquito zombie (D:12)
  A wyvern zombie (D:12)
  3 yak zombies (D:12)
  A hippogriff zombie (D:12)
  A wight (D:12)
  5 centaur zombies (D:12)
  A soldier ant zombie (D:10)
  A human skeleton (D:9)
  3 killer bee zombies (D:11)
  A dwarf skeleton (D:9)
  A scorpion zombie (D:12)
  An adder zombie (D:12)
  A giant gecko skeleton (D:10)
  11 orc zombies
33 creatures vanquished.

Grand Total: 391 creatures vanquished

Notes
Turn   | Place    | Note
-------+----------+-------------------------------------------
     0 | D:1      | CountDeLaPain the Minotaur Fighter began the quest for the Orb.
     0 | D:1      | Reached XP level 1. HP: 19/19 MP: 0/0
   125 | D:1      | Reached XP level 2. HP: 17/27 MP: 1/1
   488 | D:1      | Reached skill level 4 in Shields
   814 | D:1      | Reached XP level 3. HP: 33/33 MP: 2/2
  1337 | D:2      | Reached XP level 4. HP: 40/40 MP: 3/3
  1513 | D:2      | Found a shattered altar of Ashenzari.
  1651 | D:3      | Found a faded altar of an unknown god.
  1798 | D:3      | Reached skill level 1 in Dodging
  1861 | D:3      | Found a sacrificial altar of Ru.
  2017 | D:3      | Reached XP level 5. HP: 46/46 MP: 4/4
  2280 | D:3      | Reached skill level 5 in Shields
  2332 | D:3      | Noticed Sigmund
  2354 | D:3      | Killed Sigmund
  2354 | D:3      | Reached skill level 5 in Armour
  2354 | D:3      | Reached XP level 6. HP: 35/53 MP: 5/5
  2489 | D:3      | Noticed Natasha
  2500 | D:3      | Killed Natasha
  2862 | D:4      | Found a stormy altar of Qazlal.
  2864 | D:4      | Found a blossoming altar of Fedhas.
  2870 | D:4      | Reached skill level 5 in Fighting
  2870 | D:4      | Reached XP level 7. HP: 51/61 MP: 6/6
  3021 | D:4      | Found Baumuet's Book Shoppe.
  3285 | D:4      | Found a hide-covered altar of Uskayaw.
  3448 | D:4      | Found an opulent altar of Gozag.
  3497 | D:4      | Reached skill level 6 in Shields
  3801 | D:5      | Entered Level 5 of the Dungeon
  3941 | D:5      | Reached skill level 5 in Axes
  4029 | D:5      | Reached XP level 8. HP: 31/69 MP: 7/7
  4777 | D:5      | Found a basalt altar of Yredelemnul.
  4786 | D:5      | Became a worshipper of Yredelemnul the Dark
  4802 | D:5      | Found a burning altar of Makhleb.
  5229 | D:6      | Reached skill level 1 in Stealth
  5229 | D:6      | Reached skill level 7 in Shields
  5657 | D:6      | Found a staircase to the Ecumenical Temple.
  5786 | D:6      | Found a white marble altar of Elyvilon.
  6078 | D:6      | Reached XP level 9. HP: 75/78 MP: 8/8
  6290 | D:7      | Found a glowing silver altar of Zin.
  6315 | D:7      | Got a polished trident
  6316 | D:7      | Identified the cursed +1 trident "Vietikest" {freeze, rC+ Str+2 Dex+3} (You found it on level 7 of the Dungeon)
  6348 | D:7      | Reached skill level 8 in Shields
  6695 | D:7      | Reached skill level 5 in Dodging
  6718 | D:7      | Reached skill level 1 in Polearms
  6793 | D:7      | Reached * piety under Yredelemnul
  7035 | D:8      | Found a staircase to the Lair.
  7061 | D:8      | Noticed Maurice
  7107 | D:8      | Reached skill level 9 in Shields
  7601 | D:8      | Found a shattered altar of Ashenzari.
  7823 | D:8      | Killed Maurice
  7823 | D:8      | Reached XP level 10. HP: 86/86 MP: 9/9
  7967 | D:9      | Found an ancient bone altar of Kikubaaqudgha.
  8150 | D:9      | Found a shadowy altar of Dithmenos.
  8153 | D:9      | Found a shimmering altar of Xom.
  8217 | D:9      | Reached skill level 10 in Shields
  8366 | D:9      | Noticed a guardian serpent
  8376 | D:9      | Killed a guardian serpent
  8641 | D:9      | Found a deep blue altar of Sif Muna.
  9209 | D:10     | Entered Level 10 of the Dungeon
  9209 | D:10     | Found Gocokk's Weapon Emporium.
  9432 | D:10     | Reached skill level 1 in Invocations
  9621 | D:10     | Reached ** piety under Yredelemnul
 10105 | D:10     | Reached skill level 5 in Polearms
 10187 | D:10     | Reached skill level 10 in Armour
 10673 | D:11     | Reached skill level 11 in Shields
 11045 | D:11     | Noticed a manticore
 11066 | D:11     | Killed a manticore
 11323 | D:11     | Reached XP level 11. HP: 70/95 MP: 11/11
 11501 | D:11     | Noticed a hill giant
 11515 | D:11     | Killed a hill giant
 11824 | D:11     | Found an iron altar of Okawaru.
 11832 | D:11     | Reached *** piety under Yredelemnul
 11923 | D:11     | Noticed Lorrdernie's ghost (novice DsFi)
 11936 | D:11     | Killed Lorrdernie's ghost
 12877 | D:12     | Reached **** piety under Yredelemnul
 13053 | D:12     | Reached skill level 12 in Shields
 13064 | D:12     | Received a gift from Yredelemnul (a wight)
 13129 | D:12     | Found a staircase to the Orcish Mines.
 13597 | D:12     | Killed from afar by a meliai

Vault maps used:
D:1:      eino_arrival_cavern_d
D:2:      wad_crossroads, ashenzari_altar_1
D:3:      nicolae_ru_awakened_eye, ecumenical_altar_1, first_bread,
          uniq_natasha, uniq_sigmund
D:4:      grunt_temple_overflow_forces_of_nature, lemuel_round_altar,
          lemuel_round_altar, serial_shops, kennysheep_little_box
D:5:      yredelemnul_forgotten_temple_becter, makhleb_heckhound_becter,
          hangedman_decor_opposing, feat_on_display
D:6:      elyvilon_altar_1
D:7:      basic_altar
D:8:      kennysheep_mini_moat, minmay_lair_entry_lava, uniq_maurice
D:9:      grunt_temple_overflow_open, tgw_sif, overflow_temple_1_default,
          grunt_ogre_cave, nicolae_zen_rock_garden,
          nrook_guardian_serpent_ordinary
D:10:     serial_co_window_serial, co_window_corner_a, co_window_corner_a,
          co_window_paths_a, co_window_of_opportunity_a, co_window_corner_a,
          co_window_paths_c, co_window_cross_3, co_window_corner_ca,
          co_window_2corner, co_window_of_opportunity_c, co_window_2corner,
          glass_columns_b, glass_columns_c, glass_columns_a, serial_shops,
          nicolae_shop_trees
D:11:     basic_altar
D:12:     minmay_orc_entry_temple_small

Skill      XL: |  1  2  3  4  5  6  7  8  9 10 11 |
---------------+----------------------------------+-----
Shields        | 4 5 6 7 9 11 12 | 12.2
Armour         | 4 5 6 7 9 10 11 | 11.1
Axes           | 3 4 5 7 |  7.4
Fighting       | 4 5 6 7 8 9 |  9.6
Dodging        | 1 2 3 4 5 6 |  6.7
Stealth        | 1 2 |  2.0
Polearms       | 3 5 7 |  7.1
Invocations    | 2 3 |  3.0

Action                   |  1- 3 |  4- 6 |  7- 9 | 10-12 || total
-------------------------+-------+-------+-------+-------++-------
Melee: War axe           |    98 |   124 |   249 |       ||   471
       Headbutt          |    12 |    18 |   105 |   122 ||   257
       Trident           |       |       |   213 |   495 ||   708
Invok: Animate Remains   |       |       |       |    26 ||    26
       Animate Dead      |       |       |       |     8 ||     8
  Use: Scroll            |       |       |     8 |     9 ||    17
       Potion            |       |       |       |     2 ||     2
 Stab: Distracted        |       |       |       |     5 ||     5
  Eat: Chunk             |     1 |     6 |    15 |    19 ||    41
       Bread ration      |       |       |     1 |     1 ||     2
       Royal jelly       |       |       |       |     1 ||     1
Armor: Scale mail        |    59 |    59 |    10 |       ||   128
       Chain mail        |       |       |   189 |   228 ||   417
Dodge: Dodged            |    35 |    45 |   136 |   233 ||   449
Block: Shield            |    73 |    79 |   263 |   403 ||   818
